 Dungeon Crawl Stone Soup version 0.19-a0-981-gaae9137 (webtiles) character file.

74202 mistymad the Spry (level 15, -2/125 HPs)
             Began as a Merfolk Gladiator on July 15, 2016.
             Was an Elder of Fedhas.
             Slain by an Executioner (14 damage)
             ... on level 2 of the Abyss.
             The game lasted 01:08:09 (22269 turns).

mistymad the Spry (Merfolk Gladiator)              Turns: 22269, Time: 01:08:11

Health: -2/125     AC: 17    Str: 20    XL:     15   Next: 46%
Magic:  19/19      EV: 23    Int: 13    God:    Fedhas [****..]
Gold:   1498       SH: 13    Dex: 20    Spells: 3 memorised, 10 levels left

rFire  . . .     SeeInvis +     I - +8 spear of the Crypt {flame, Int+4}
rCold  + . .     Gourm    .     Z - +2 ring mail of Distant Worlds {rC+ Dex+5}
rNeg   . . .     Faith    .     V - +0 shield
rPois  .         Spirit   .     a - +2 helmet
rElec  .         Dismiss  .     y - +0 cloak
rCorr  .         Reflect  .     j - +0 pair of gloves
SustAt .         Harm     .     O - +0 pair of boots
MR     +....                    (no amulet)
Stlth  +.........               x - ring of see invisible
                                k - +1 ring of slaying

@: about to teleport, non-regenerating, diseased, somewhat resistant to hostile
enchantments, very unstealthy
A: change form in water, swift swim
a: Evolution, Sunlight, Growth, Reproduction, Renounce Religion


You were on level 2 of the Abyss.
You worshipped Fedhas.
Fedhas was greatly pleased with you.
You were hungry.

You visited 3 branches of the dungeon, and saw 21 of its levels.
You visited the Abyss 1 time.

You collected 1498 gold pieces.

Inventory:

Hand Weapons
 I - the +8 spear of the Crypt (weapon) {flame, Int+4}
   (You found it on level 4 of the Dungeon)

   It has been specially enchanted to burn those struck by it, causing extra
   injury to most foes and up to half again as much damage against particularly
   susceptible opponents.
   It affects your intelligence (+4).
Armour
 a - a +2 helmet (worn)
 b - a +1 chain mail of positive energy
 j - a +0 pair of gloves (worn)
 u - a mottled dragon hide
 y - a +0 cloak (worn)
 K - a +3 scale mail
 O - a +0 pair of boots (worn)
 V - a +0 shield (worn)
 Z - the +2 ring mail of Distant Worlds (worn) {rC+ Dex+5}
   (You found it on level 1 of the Lair of Beasts)

   It affects your dexterity (+5).
   It protects you from cold.
Jewellery
 k - a +1 ring of slaying (left hand)
 l - an uncursed ring of positive energy
 v - an uncursed ring of fire
 x - a ring of see invisible (right hand)
 R - a +5 ring of protection {unknown}
Wands
 B - a wand of confusion (29/48)
 U - a wand of flame (27/48)
 X - a wand of disintegration (24/24)
 Y - a wand of digging (10/24)
Scrolls
 c - 3 scrolls of recharging
 g - a scroll of magic mapping
 m - 3 scrolls of noise
 p - 3 scrolls of fog
 r - 6 scrolls of teleportation
 s - 3 scrolls of fear
 t - 4 scrolls of enchant weapon
 w - 6 scrolls of identify
 C - 3 scrolls of immolation
 G - a scroll of blinking {unknown}
 J - a scroll of summoning
 Q - 4 scrolls of enchant armour
 T - 5 scrolls of remove curse
Potions
 d - 3 potions of magic
 e - 3 potions of ambrosia
 i - 4 potions of flight
 n - 2 potions of cancellation
 q - 3 potions of heal wounds
 z - 2 potions of might
 A - 3 potions of agility
 D - 3 potions of brilliance
 E - 5 potions of berserk rage
 H - 3 potions of curing
 L - 3 potions of mutation
 M - 5 potions of cure mutation
 N - 3 potions of haste
 S - 4 potions of resistance
Miscellaneous
 o - a phantom mirror
Comestibles
 f - 13 bread rations
 h - 14 meat rations
 F - 3 beef jerkies
 P - 31 fruits
 W - a slice of pizza


   Skills:
 + Level 13.7 Fighting
 - Level 14.4 Polearms
 - Level 2.0 Throwing
 + Level 10.1 Armour
 + Level 16.1 Dodging
 + Level 10.9 Shields
 - Level 6.0 Invocations


You had 10 spell levels left.
You knew the following spells:

 Your Spells              Type           Power        Failure   Level  Hunger
a - Apportation           Tloc           #.........   80%         1    ##.....
b - Summon Butterflies    Summ           #.......     80%         1    ##.....
c - Blink                 Tloc           N/A          94%         2    ###....


Dungeon Overview and Level Annotations

Branches:
Dungeon (14/15)            Temple (1/1) D:6            Lair (6/6) D:10
 Shoals (0/4) Lair:2       Spider (0/4) Lair:3        Slime (0/5) Lair:6
    Orc (0/2) D:11         Vaults (0/5) D:13

Altars:
Ashenzari
Cheibriados
Dithmenos
Elyvilon
Fedhas
Gozag
Hepliaklqana
Kikubaaqudgha
Makhleb
Nemelex Xobeh
Okawaru
Pakellas
Qazlal
Ru
Sif Muna
Trog
Uskayaw
Vehumet
Xom
Yredelemnul
Zin
The Shining One
Jiyva

Annotations:
D:12 exclusion: orange crystal statue


Message History

You resist with significant effort.
A starcursed mass splits.
A chorus of shrieks assaults your mind.
* * * LOW HITPOINT WARNING * * *
You take 12 damage, and have 28/125 hp.
The Executioner gestures at you. Pain shoots through your body!
* * * LOW HITPOINT WARNING * * *
The rakshasa hits you but does no damage.
The Executioner completely misses you. The Executioner barely misses you.
The Executioner hits you but does no damage.
A starcursed mass splits.
You take 1 damage, and have 27/125 hp.
The ufetubus shouts!
The Executioner hits you!
* * * LOW HITPOINT WARNING * * *
The Executioner barely misses you.
The Executioner hits you but does no damage.
The Executioner hits you!
You die...
Fedhas appreciates your contribution to the ecosystem.

. .# # # # ## . .#.#
... . ####5#.# .. . #
#. #....#.##. #D# #
........# # .# #
#.#.....#### # # #
#.#.......#...# #.
#.#.....####. # #.
#######.#@....# .#.#
### ........1##.####
# #
#.....R.#X###.#...##
.......X##X.#....##
#..#.#X#3.....#.....#
#...#...x###.#...#.##
#. #.# #X#.##
#..##... # # X###
##.##...#X. .# ยง
.####.#...


You could see 3 starcursed masses, an Executioner, a rakshasa, a large
abomination and an ufetubus.

Vanquished Creatures
  Rupert (Lair:5)
  Josephine (Lair:4)
  Erolcha (D:10)
  3 hydras
  4 centaur warriors
  2 ogre magi
  A tengu warrior (D:10)
  A queen ant (Lair:2)
  3 death yaks
  Sonja (D:10)
  A deep elf knight (D:13)
  3 unseen horrors
  An orc knight (D:13)
  3 hill giants
  2 necromancers
  4 deep elf magi (D:13)
  5 griffons
  2 ugly things
  3 manticores
  A cyclops (D:11)
  3 elephants (Lair:4)
  A torpor snail (Lair:6)
  Psyche (D:8)
  A gargoyle (D:14)
  6 black mambas
  19 spiny frogs
  11 komodo dragons
  2 kobold demonologists (D:13)
  3 rime drakes
  2 efreet (D:14)
  2 polar bears
  3 wandering mushrooms
  A giant leech (Lair:6)
  4 trolls
  5 two-headed ogres
  4 slime creatures (D:13)
  A boulder beetle (Lair:3)
  Grinder (D:5)
  A harpy skeleton (D:14)
  16 blink frogs
  A raiju (shapeshifter) (D:14)
  5 wraiths
  4 shadows
  2 wyverns
  Sigmund (D:3)
  4 redbacks (D:13)
  6 hippogriffs
  Grum (D:8)
  4 basilisks
  29 yaks
  3 steam dragons
  7 vampire mosquitoes
  2 mottled dragons
  An insubstantial wisp (D:10)
  14 water moccasins
  8 soldier ants
  6 porcupines
  3 swamp drakes
  2 black bears (D:6)
  10 orc warriors
  2 sky beasts
  An ice beast (D:9)
  2 wasps
  A phantom (D:5)
  11 centaurs
  8 wolves
  13 ogres
  11 crocodiles
  An elephant skeleton (Lair:5)
  5 big kobolds (D:13)
  21 giant frogs
  A gnoll sergeant (D:11)
  Blork the orc (D:5)
  A small abomination (Abyss:2)
  A komodo dragon skeleton (Lair:5)
  2 wyvern skeletons
  3 scorpions
  5 wights
  7 electric eels
  A howler monkey (D:5)
  6 crimson imps
  A centaur zombie (D:9)
  3 quasits
  5 jellies
  11 orc wizards
  9 orc priests
  Crazy Yiuf (D:4)
  A hound (D:12)
  6 centaur skeletons
  A giant frog skeleton (D:8)
  29 worker ants
  Terence (D:2)
  10 iguanas
  A hell rat (D:10)
  32 sheep
  A hound skeleton (D:7)
  Robin (D:4)
  13 gnolls
  51 river rats
  12 adders
  4 shadow imps
  2 oozes
  2 adder skeletons
  5 worms
  3 dart slugs
  4 giant geckos
  55 orcs
  8 bats
  5 giant cockroaches
  7 goblins
  8 hobgoblins
  6 jackals
  8 quokkas
  A ball python (D:6)
  6 giant newts
  12 kobolds
  9 rats
  A butterfly (Lair:3)
  A toadstool (D:13)
683 creatures vanquished.

Vanquished Creatures (collateral kills)
  2 hydras
  A centaur warrior (D:13)
  A death yak (Lair:6)
  Nergalle (Lair:4)
  A griffon (Lair:4)
  An elephant (Lair:4)
  A spiny frog (Lair:2)
  3 trolls
  A boulder beetle (Lair:6)
  A two-headed ogre (D:13)
  2 giant leeches (Lair:6)
  2 slime creatures (D:13)
  5 blink frogs
  2 redbacks (D:13)
  3 yaks
  A hippogriff (Lair:5)
  2 hungry ghosts
  2 mottled dragons
  3 water moccasins
  A wasp (D:10)
  A phantom (D:5)
  2 ogres
  A wolf (Lair:4)
  2 giant frogs (Lair:6)
  A komodo dragon skeleton (Lair:5)
  2 scorpions
  3 wights
  A crimson imp (D:9)
  A jelly (D:8)
  An orc priest (D:11)
  An iguana (Lair:5)
  3 worker ants
  4 sheep
  4 river rats
  A giant gecko (D:8)
  7 orcs
  A goblin (D:9)
  A kobold (D:9)
73 creatures vanquished.

Vanquished Creatures (others)
  A necrophage (D:8)
  A wasp zombie (D:11)
  36 wandering mushrooms
  A river rat (Lair:4)
  18 fungi
  30 plants (Lair:6)
  512 toadstools
599 creatures vanquished.

Grand Total: 1355 creatures vanquished

Notes
Turn   | Place    | Note
-------+----------+-------------------------------------------
     0 | D:1      | mistymad the Merfolk Gladiator began the quest for the Orb.
     0 | D:1      | Reached XP level 1. HP: 16/16 MP: 1/1
   180 | D:1      | Reached XP level 2. HP: 23/23 MP: 2/2
   854 | D:1      | Reached XP level 3. HP: 24/28 MP: 3/3
   931 | D:2      | Reached skill level 1 in Armour
  1025 | D:2      | Found a glowing golden altar of the Shining One.
  1025 | D:2      | Found a deep blue altar of Sif Muna.
  1040 | D:2      | Found a stormy altar of Qazlal.
  1078 | D:2      | Found a blossoming altar of Fedhas.
  1096 | D:2      | Became a worshipper of Fedhas Madash
  1131 | D:2      | Reached XP level 4. HP: 30/34 MP: 4/4
  1258 | D:2      | Reached skill level 5 in Polearms
  1260 | D:2      | Found a hazy altar of Hepliaklqana.
  1296 | D:2      | Noticed Terence
  1321 | D:2      | Killed Terence
  1321 | D:2      | Reached skill level 5 in Dodging
  1675 | D:3      | You fall through a shaft for 3 floors!
  1720 | D:6      | Reached XP level 5. HP: 29/41 MP: 5/5
  1782 | D:6      | Noticed a black bear
  1800 | D:6      | Killed a black bear
  1800 | D:6      | Reached XP level 6. HP: 35/48 MP: 6/6
  1915 | D:5      | Entered Level 5 of the Dungeon
  2150 | D:3      | Reached * piety under Fedhas
  2631 | D:3      | Reached skill level 6 in Dodging
  2790 | D:3      | Noticed Sigmund
  2815 | D:3      | Killed Sigmund
  2815 | D:3      | Reached XP level 7. HP: 45/54 MP: 7/7
  3062 | D:4      | Got a smoking spear
  3063 | D:4      | Identified the +8 spear of the Crypt {flame, Int+4} (You found it on level 4 of the Dungeon)
  3138 | D:4      | Noticed Robin
  3146 | D:4      | Killed Robin
  3242 | D:4      | Reached ** piety under Fedhas
  3300 | D:4      | Found a runed door.
  3338 | D:4      | Noticed Crazy Yiuf
  3351 | D:4      | Killed Crazy Yiuf
  3351 | D:4      | Reached skill level 7 in Dodging
  3429 | D:4      | Reached skill level 5 in Fighting
  3649 | D:5      | Noticed Blork the orc
  3650 | D:5      | Found an opulent altar of Gozag.
  3656 | D:5      | Killed Blork the orc
  3656 | D:5      | Reached XP level 8. HP: 55/62 MP: 8/8
  3758 | D:5      | Noticed Grinder
  3764 | D:5      | Killed Grinder
  3902 | D:5      | Reached skill level 8 in Dodging
  4218 | D:6      | Reached skill level 1 in Invocations
  4322 | D:6      | Found a staircase to the Ecumenical Temple.
  4400 | Temple   | Entered the Ecumenical Temple
  4624 | D:6      | Reached XP level 9. HP: 30/69 MP: 10/10
  5284 | D:7      | Reached skill level 9 in Dodging
  5610 | D:7      | Noticed a troll
  5613 | D:7      | Killed a troll
  5636 | D:7      | Found a glowing silver altar of Zin.
  5637 | D:7      | Found a shattered altar of Ashenzari.
  5796 | D:7      | Found an iron altar of Okawaru.
  6079 | D:8      | Noticed Psyche
  6085 | D:8      | Killed Psyche
  6085 | D:8      | Reached skill level 10 in Polearms
  6085 | D:8      | Reached skill level 5 in Armour
  6085 | D:8      | Reached XP level 10. HP: 72/79 MP: 13/13
  6270 | D:8      | Found a sacrificial altar of Ru.
  6303 | D:8      | Noticed Grum
  6322 | D:8      | Killed Grum
  6475 | D:8      | Reached skill level 5 in Invocations
  6666 | D:8      | Reached skill level 10 in Dodging
  6864 | D:9      | Found an ancient bone altar of Kikubaaqudgha.
  7378 | D:9      | Found a snail-covered altar of Cheibriados.
  7434 | D:9      | Reached skill level 1 in Shields
  7574 | D:10     | Entered Level 10 of the Dungeon
  7587 | D:10     | Reached *** piety under Fedhas
  7658 | D:10     | Noticed a hill giant
  7685 | D:10     | Killed a hill giant
  7865 | D:10     | Noticed a tengu warrior
  7879 | D:10     | Killed a tengu warrior
  7879 | D:10     | Reached XP level 11. HP: 75/87 MP: 15/15
  8080 | D:10     | Found a staircase to the Lair.
  8131 | D:10     | Reached skill level 11 in Dodging
  8318 | Lair:1   | Entered Level 1 of the Lair of Beasts
  8499 | Lair:1   | Noticed a five-headed hydra
  8531 | Lair:1   | Killed a five-headed hydra
  9033 | Lair:1   | Got a faintly humming ring mail
  9044 | Lair:1   | Identified the +2 ring mail of Distant Worlds {rC+ Dex+5} (You found it on level 1 of the Lair of Beasts)
  9332 | Lair:2   | Noticed a death yak
  9344 | Lair:2   | Killed a death yak
  9344 | Lair:2   | Reached XP level 12. HP: 97/97 MP: 16/16
  9366 | Lair:2   | Found a staircase to the Shoals.
  9513 | Lair:2   | Reached skill level 12 in Dodging
  9534 | Lair:2   | Reached skill level 5 in Shields
 10219 | Lair:2   | Noticed a queen ant
 10240 | Lair:2   | Killed a queen ant
 10243 | Lair:2   | Reached skill level 10 in Fighting
 10657 | Lair:3   | Found a hole to the Spider Nest.
 11003 | Lair:3   | Noticed a seven-headed hydra
 11015 | Lair:3   | Killed a seven-headed hydra
 11317 | Lair:4   | Reached **** piety under Fedhas
 11715 | Lair:4   | Noticed Nergalle
 11874 | Lair:4   | Reached skill level 13 in Dodging
 11874 | Lair:4   | Reached XP level 13. HP: 99/105 MP: 17/17
 12025 | Lair:4   | Noticed Josephine
 12055 | Lair:4   | Killed Josephine
 12273 | Lair:4   | Killed Nergalle
 12835 | Lair:5   | Found a white marble altar of Elyvilon.
 12880 | Lair:5   | Noticed Rupert
 12882 | Lair:5   | Paralysed by Rupert for 2 turns
 12922 | Lair:5   | Killed Rupert
 13920 | Lair:6   | Entered Level 6 of the Lair of Beasts
 14588 | Lair:6   | Reached skill level 14 in Dodging
 14955 | Lair:6   | Found a viscous altar of Jiyva.
 14968 | Lair:6   | Reached XP level 14. HP: 56/115 MP: 18/18
 14984 | Lair:6   | Found a staircase to the Slime Pits.
 16520 | D:10     | Noticed Sonja
 16528 | D:10     | Killed Sonja
 16650 | D:10     | Noticed Erolcha
 16660 | D:10     | Killed Erolcha
 16781 | D:11     | Learned a level 1 spell: Apportation
 16783 | D:11     | Learned a level 1 spell: Summon Butterflies
 17007 | D:11     | Reached skill level 15 in Dodging
 17076 | D:11     | Learned a level 2 spell: Blink
 17326 | D:11     | Found a shimmering altar of Xom.
 17398 | D:11     | Reached ***** piety under Fedhas
 17405 | D:11     | Found a staircase to the Orcish Mines.
 18057 | D:12     | Reached skill level 10 in Shields
 19855 | D:13     | Reached XP level 15. HP: 112/124 MP: 19/19
 20390 | D:13     | Found a gate to the Vaults.
 21131 | D:14     | Reached skill level 16 in Dodging
 21172 | D:14     | Reached skill level 10 in Armour
 21862 | D:14     | Cast into level 2 of the Abyss (a wizard)
 21933 | Abyss:2  | Found a sparkling altar of Nemelex Xobeh.
 22225 | Abyss:2  | Noticed a bone dragon
 22250 | Abyss:2  | Noticed an Executioner
 22269 | Abyss:2  | Slain by an Executioner

Vault maps used:
D:1:      dpeg_arrival_radiant
D:2:      old_standard_altar, nicolae_overflow_crystal_walls,
          gammafunk_temple_overflow_claw, first_bread, minmay_tromino_v4_c,
          uniq_terence
D:3:      uniq_sigmund
D:4:      uniq_robin, uniq_crazy_yiuf_cottage
D:5:      basic_altar, uniq_blork_the_orc, uniq_grinder
D:6:      portal_sewer_entry_a
D:7:      okawaru_altar_gauntlet_db, gammafunk_temple_overflow_statue,
          st_stairs_11
D:8:      nicolae_ru_the_path_less_chosen, uniq_psyche, uniq_grum
D:9:      cheibriados_altar_wand_db, kiku_gazebo_garden_becter
D:10:     dpeg_lair_monsters, grunt_tengu_nest, pond, uniq_sonja, uniq_erolcha
D:11:     erik_orc_1, hangedman_abyss_or_decor_passed, xom_teletrap_fun
D:12:     minivault_16
D:13:     hangedman_vaults_entry_quadrant_bands, spider_trap, wad_mini_maze
Temple:   grunt_temple_mini_profane
Lair:2:   shoals_dummy_entry, st_stairs_11, zaba_antful_of_joy
Lair:3:   spider_nest_entry_web_field, lemuel_fruit_fields
Lair:4:   minivault_27, grunt_megastairs_3, uniq_nergalle, uniq_josephine
Lair:5:   pond_and_an_island_with_a_cottage, lemuel_oklob_altar,
          bh_autumn_forest_stairs, uniq_rupert
Lair:6:   minmay_lair_end_frog_pond, slime_altar_1

Skill      XL: |  1  2  3  4  5  6  7  8  9 10 11 12 13 14 15 |
---------------+----------------------------------------------+-----
Armour         | 1 2 3 4 5 6 7 8 9 10 | 10.1
Fighting       | 3 4 5 6 7 8 9 10 12 13 | 13.7
Polearms       | 5 6 7 8 10 11 12 13 14 | 14.4
Dodging        | 5 6 7 8 9 10 11 13 14 15 16 | 16.1
Invocations    | 2 4 6 |  6.0
Shields        | 2 4 6 8 10 | 10.9
Throwing       | |  2.0

Action                   |  1- 3 |  4- 6 |  7- 9 | 10-12 | 13-15 || total
-------------------------+-------+-------+-------+-------+-------++-------
Melee: Trident           |    79 |   181 |    60 |       |       ||   320
       Spear             |       |       |   253 |   856 |  1558 ||  2667
       Tailslap          |       |       |       |       |     5 ||     5
Throw: Throwing net      |       |     3 |       |     2 |     3 ||     8
Invok: Evolution         |       |     1 |     3 |    10 |    35 ||    49
Evoke: Rod               |       |       |       |     1 |       ||     1
       Wand              |       |       |       |       |     3 ||     3
  Use: Scroll            |       |       |       |    24 |    10 ||    34
       Potion            |       |       |       |       |     4 ||     4
 Stab: Sleeping          |     4 |       |       |       |       ||     4
       Confused          |       |       |     1 |     6 |    15 ||    22
       Distracted        |       |       |       |       |     1 ||     1
  Eat: Chunk             |     1 |     5 |    11 |    15 |    31 ||    63
       Pizza             |       |       |       |     1 |     1 ||     2
       Beef jerky        |       |       |       |     1 |     1 ||     2
Armor: Leather armour    |    14 |     9 |       |       |       ||    23
       Scale mail        |       |    34 |    51 |    81 |       ||   166
       Ring mail         |       |       |       |    57 |   114 ||   171
Dodge: Dodged            |    41 |    96 |   109 |   299 |   461 ||  1006
Block: Shield            |       |       |       |   222 |   416 ||   638
